 Dungeon Crawl Stone Soup version 0.26-a0-672-g1df16c3386 (webtiles) character file.

Game seed: 2394206707894680837

300052 miscthings the Imperceptible (level 22, -3/234 HPs)
             Began as a Kobold Berserker on Oct 19, 2020.
             Was the Champion of Trog.
             Shot with a bolt by a yaktaur captain (21 damage)
             ... on level 5 of the Depths.
             The game lasted 01:38:32 (43242 turns).

miscthings the Imperceptible (Kobold Berserker)    Turns: 43242, Time: 01:38:33

Health: -3/234     AC: 10    Str: 17    XL:     22   Next: 31%
Magic:  22/22      EV: 35    Int: 15    God:    Trog [******]
Gold:   405        SH: 13    Dex: 22    Spells: 21/21 levels left

rFire    . . .     SeeInvis .   q - +8 quick blade (freeze)
rCold    . . .     Faith    .   Z - +6 buckler "Faeck" {Dex+3}
rNeg     . . .     Spirit   .   P - +2 robe of Vines {NoPotionHeal Regen+7}
rPois    +         Reflect  .   H - +0 hat of Wonder {+Inv Dex+4}
rElec    .         Harm     .   R - scarf {shadows}
rCorr    .         Rampage  .   j - +2 pair of gloves
MR       +++..                  i - +1 pair of boots
Stlth    ..........             p - amulet of regeneration
HPRegen  4.69/turn              m - ring of poison resistance
MPRegen  0.18/turn              I - ring of Shadows {Umbra +Inv Stlth+}

@: berserking, regenerating, wreathed by umbra, very quick
A: small, antennae 1, rugged brown scales 1, deformed body, nightstalker 3
}: 1/15 runes: serpentine
a: Berserk, Trog's Hand, Brothers in Arms, Renounce Religion, Evoke Invisibility


You were on level 5 of the Depths.
You worshipped Trog.
Trog was exalted by your worship.
You visited 6 branches of the dungeon, and saw 33 of its levels.

You collected 3936 gold pieces.
You spent 3531 gold pieces at shops.

Inventory:

Hand Weapons
 a - the +9 falchion of Mysiusiz {holy, rN+ Int+4}
   (You found it on level 14 of the Dungeon)

   It has been blessed by the Shining One to cause great damage to the undead
   and demons.
   It affects your intelligence (+4).
   It protects you from negative energy.
 q - a +8 quick blade of freezing (weapon)
Missiles
 A - 6 atropa-tipped darts (quivered)
 E - 2 throwing nets
Armour
 b - the +5 robe of Night {Dark MR+ SInv}
   (You took it off a boggart on level 1 of the Depths)

   It affects your resistance to hostile enchantments.
   It lets you see invisible.
 i - a +1 pair of boots (worn)
 j - a +2 pair of gloves (worn)
 o - a scarf of repulsion
 H - the +0 hat of Wonder (worn) {+Inv Dex+4}
   (You acquired it on level 3 of the Depths)

   It affects your dexterity (+4).
   It lets you turn invisible.
 P - the +2 robe of Vines (worn) {NoPotionHeal Regen+7}
   (You found it on level 3 of the Depths)

   It increases your rate of regeneration.
 R - a scarf of shadows (worn)
 Z - the +6 buckler "Faeck" (worn) {Dex+3}
   (You bought it in a shop on level 13 of the Dungeon)

   It affects your dexterity (+3).
Jewellery
 m - a ring of poison resistance (left hand)
 p - an amulet of regeneration (around neck)
 I - the ring of Shadows (right hand) {Umbra +Inv Stlth+}
   (You took it off a boggart on level 1 of the Depths)

   [ring of stealth]

   It lets you turn invisible.
   It makes you more stealthy.
 L - an uncursed ring of protection from cold
 S - an uncursed ring of protection from fire
Wands
 r - a wand of digging (8)
 D - a wand of paralysis (9)
 G - a wand of iceblast (7)
 J - a wand of acid (43)
 Q - a wand of disintegration (25)
 T - a wand of enslavement (19)
Scrolls
 c - 2 scrolls of fog
 g - 7 scrolls of remove curse
 h - 6 scrolls of teleportation
 v - 4 scrolls of blinking
 w - 9 scrolls of magic mapping
 x - 5 scrolls of fear
 F - 2 scrolls of summoning
 M - 3 scrolls of silence
 O - a scroll of holy word
 U - 3 scrolls of immolation
 V - 2 scrolls of vulnerability
 W - 5 scrolls of identify {@r1}
Potions
 e - 15 potions of curing
 f - 7 potions of lignification
 k - 5 potions of brilliance
 l - 6 potions of flight
 n - 4 potions of mutation
 s - 2 potions of resistance
 t - 3 potions of invisibility
 u - 12 potions of heal wounds
 z - 4 potions of haste
 B - 3 potions of stabbing
 C - 3 potions of cancellation
 K - 5 potions of ambrosia
 N - 2 potions of magic
 Y - 4 potions of might
Miscellaneous
 d - a condenser vane (1/2)
 y - a phantom mirror
 X - a phial of floods


   Skills:
 + Level 20.1 Fighting
 - Level 10.1 Short Blades
 - Level 5.0 Throwing
 - Level 7.0 Armour
 + Level 21.4 Dodging
 + Level 24.4 Stealth
 - Level 5.6 Shields
 - Level 15.0 Evocations


You had 21 spell levels left.
You didn't know any spells.
Your spell library contained the following spells:

 Spells                   Type           Power        Failure   Level
 Apportation              Tloc           #.....       26%         1
 Beastly Appendage        Tmut           #.....       26%         1
 Corona                   Hex            #......      26%         1
 Foxfire                  Conj/Fire      #...         26%         1
 Freeze                   Ice            #...         26%         1
 Sandblast                Erth           #.....       26%         1
 Sting                    Tmut/Pois      #...         26%         1
 Summon Small Mammal      Summ           #...         26%         1
 Call Imp                 Summ           #.......     38%         2
 Corpse Rot               Necr/Air       N/A          38%         2
 Ensorcelled Hibernation  Hex/Ice        #.....       38%         2
 Passwall                 Tmut/Erth      #.......     38%         2
 Poisonous Vapours        Pois/Air       #.....       38%         2
 Slow                     Hex            #.......     38%         2
 Swiftness                Air            #.......     38%         2
 Wereblood                Tmut           #.......     38%         2
 Call Canine Familiar     Summ           #.......     63%         3
 Confusing Touch          Hex            #.......     63%         3
 Conjure Flame            Conj/Fire      #.......     63%         3
 Frozen Ramparts          Ice            #.....       63%         3
 Gell's Gravitas          Tloc           #.........   63%         3
 Ignite Poison            Fire/Tmut/Pois #.......     63%         3
 Inner Flame              Hex/Fire       #.......     63%         3
 Lesser Beckoning         Tloc           #.........   63%         3
 Mephitic Cloud           Conj/Pois/Air  #.......     63%         3
 Ozocubu's Armour         Ice            #.......     63%         3
 Portal Projectile        Hex/Tloc       #.....       63%         3
 Spider Form              Tmut/Pois      #.........   63%         3
 Stone Arrow              Conj/Erth      #.....       63%         3
 Summon Guardian Golem    Hex/Summ       #.......     63%         3
 Tukima's Dance           Hex            #.......     63%         3
 Cause Fear               Hex            #.........   95%         4
 Hailstorm                Conj/Ice       #.......     95%         4
 Ice Form                 Ice/Tmut       #.......     95%         4
 Leda's Liquefaction      Hex/Erth       #.........   95%         4
 Olgreb's Toxic Radiance  Pois           #.......     95%         4
 Passage of Golubria      Tloc           N/A          95%         4
 Petrify                  Tmut/Erth      #.......     95%         4
 Sticky Flame             Conj/Fire      #.......     95%         4
 Summon Ice Beast         Ice/Summ       #.......     95%         4
 Summon Lightning Spire   Summ/Air       #.......     95%         4
 Alistair's Intoxication  Tmut/Pois      #........    100%        5
 Blade Hands              Tmut           #.........   100%        5
 Bolt of Magma            Conj/Fire/Erth #.........   100%        5
 Borgnjor's Vile Clutch   Necr/Erth      #.........   100%        5
 Fireball                 Conj/Fire      #.........   100%        5
 Iskenderun's Battlesphe  Conj           #.......     100%        5
 Lee's Rapid Deconstruct  Erth           #.........   100%        5
 Metabolic Englaciation   Hex/Ice        #.........   100%        5
 Silence                  Hex/Air        #.........   100%        5
 Summon Forest            Summ/Tloc      #.........   100%        5
 Yara's Violent Unravell  Hex/Tmut       #.........   100%        5
 Conjure Ball Lightning   Conj/Air       #.........   100%        6
 Eringya's Noxious Bog    Tmut/Pois      #.........   100%        6
 Freezing Cloud           Conj/Ice/Air   #.........   100%        6
 Hydra Form               Tmut           #.........   100%        6
 Invisibility             Hex            #.......     100%        6
 Iron Shot                Conj/Erth      #.........   100%        6
 Shadow Creatures         Summ           N/A          100%        6
 Statue Form              Tmut/Erth      #........    100%        6
 Dragon Form              Tmut           #.........   100%        7
 Orb of Destruction       Conj           #.........   100%        7
 Spellforged Servitor     Conj/Summ      #.........   100%        7
 Summon Hydra             Summ           #.........   100%        7
 Dragon's Call            Summ           #.........   100%        9
 Tornado                  Air            #.........   100%        9


Dungeon Overview and Level Annotations

Branches:
Dungeon (15/15)            Temple (1/1) D:5            Lair (6/6) D:8
  Swamp (0/4) Lair:4        Snake (4/4) Lair:2        Slime (0/5) Lair:6
    Orc (2/2) D:9             Elf (0/3) Orc:2        Vaults (0/5) D:13
 Depths (5/5) D:15
    Zot: Depths:5

Altars:
Ashenzari
Cheibriados
Dithmenos
Elyvilon
Fedhas
Gozag
Hepliaklqana
Kikubaaqudgha
Makhleb
Nemelex Xobeh
Okawaru
Qazlal
Ru
Sif Muna
Trog
Uskayaw
Vehumet
Wu Jian
Xom
Yredelemnul
Zin
The Shining One
Beogh

Shops:
D:13 [   Orc:2 *(:*   Snake:3 ![   Snake:4 [   Depths:1 }==*   Depths:3 ?!!

Portals:
Hell: Depths:1 Depths:2 Depths:3 Depths:4
Abyss: Depths:4
Pandemonium: Depths:2 Depths:3 Depths:4
Ziggurat: Depths:4

Annotations:
Depths:3 3 runed translucent doors


Innate Abilities, Weirdness & Mutations

You are small and have problems with some larger weapons.
You are completely attuned to the shadows.
You have a pair of small antennae on your head.
You are partially covered in rugged brown scales. (AC +1, +3% HP)
Armour fits poorly on your strangely shaped body.


Message History

The frost giant is almost dead.
The green draconian scorcher is engulfed in blazing flames.
You feel the power of Trog in you as your rage grows.
You kill the green draconian scorcher!
Trog accepts your kill.
Trog appreciates your killing of a magic user.
You hit the frost giant.
The frost giant is almost dead.
The yaktaur captain shoots a bolt.
The bolt hits you!!
* * * LOW HITPOINT WARNING * * *
You hit the frost giant.
The frost giant is almost dead.
You puncture the frost giant!
You kill the frost giant!
Trog accepts your kill.
Trog appreciates your killing of a magic user.
You swing at nothing.
You feel a strong urge to attack something.
The yaktaur captain shoots a bolt.
The bolt hits you!!
You die...

......# ......##
§##☼## #........^.
§○§°§{ #...##)..#
##§○§#####...##..)##
..°§(#...#..))(.)...
...@)#...#..))†...##
.c.......#....).).#
.........######...#
####..........#..[##
#..........#.....
+..........'..<..
#(.........#.....
#.^........#...##
################


You could see a yaktaur captain.

Vanquished Creatures
  Boris (Depths:4)
  A greater mummy (Depths:4)
  A golden dragon (Depths:4)
  A Tzitzimitl (Depths:1)
  4 tentacled monstrosities
  A lich (Depths:3)
  A titan (Depths:2)
  4 shadow dragons
  Gastronok (Lair:3)
  3 tengu reavers
  8 nagarajas (Snake:4)
  2 storm dragons
  5 frost giants
  A fire giant (Depths:4)
  A draconian scorcher (Depths:5)
  An iron dragon (Depths:2)
  A deep elf elementalist (Depths:4)
  A juggernaut zombie (Depths:1)
  8 spriggan defenders
  A caustic shrike skeleton (Depths:3)
  12 stone giants
  4 very ugly things
  Nessos (D:13)
  A green draconian (Depths:5)
  6 vampire knights
  A deep elf annihilator (Depths:1)
  3 dire elephants (Lair:6)
  3 spark wasps (Depths:3)
  2 purple draconians (Depths:5)
  Snorg (D:12)
  A green death (Depths:2)
  6 ettins
  6 yaktaur captains
  A deep elf high priest (Depths:3)
  8 fire dragons
  Erolcha (D:12)
  A spriggan air mage (Depths:5)
  8 vault guards (D:13)
  5 great orbs of eyes
  9 hydras
  2 hell beasts
  22 naga warriors
  Harold (D:8)
  7 rakshasas
  10 ice dragons
  3 catoblepae
  3 boulder beetles
  8 centaur warriors
  11 anacondas
  A two-headed ogre (shapeshifter) (Depths:1)
  6 deep troll earth magi
  10 two-headed ogres
  3 ogre magi
  7 deep troll shamans
  2 vampire magi (Depths:1)
  2 orc high priests (Orc:2)
  3 shock serpents (Snake:4)
  3 spriggan berserkers
  8 tengu warriors
  Nergalle (Lair:3)
  11 naga sharpshooters
  4 hell knights
  A salamander mystic (Snake:3)
  A spark wasp zombie (Depths:3)
  A sun demon (Depths:1)
  3 shadow wraiths (Depths:1)
  A fire crab (shapeshifter) (Depths:3)
  2 iron trolls
  A sixfirhy (Depths:3)
  19 deep trolls
  3 shadow demons (Depths:1)
  2 unseen horrors
  An infernal demonspawn (Depths:2)
  11 sea snakes (Snake:4)
  4 naga ritualists
  Pikel (D:8)
  3 wizards
  A lindwurm (Lair:6)
  7 mana vipers
  2 flayed ghosts
  An oklob plant (Snake:4)
  4 cyclopes
  5 manticores
  A wolf spider zombie (D:15)
  6 orc knights (Orc:2)
  2 deep elf magi
  4 necromancers
  25 ugly things
  A cyclops (shapeshifter) (Depths:1)
  A sphinx skeleton (Depths:3)
  2 wolf spiders
  2 orc sorcerers
  29 elephants
  Joseph (D:10)
  Maurice (D:12)
  A frost giant skeleton (Depths:3)
  10 salamanders
  9 guardian serpents
  4 rust devils
  A molten gargoyle (Depths:3)
  Psyche (D:8)
  34 black mambas
  9 cane toads
  19 naga magi
  A torpor snail (Lair:6)
  An orange demon (Depths:2)
  A gargoyle (D:12)
  4 rime drakes
  5 komodo dragons
  3 efreet
  5 ice devils
  3 meliai (D:15)
  A queen bee (D:12)
  9 tengu conjurers
  7 trolls
  15 yaktaurs
  A polar bear (Lair:4)
  A harpy skeleton (D:14)
  2 hornets
  A bog body (Lair:4)
  A blink frog (shapeshifter) (D:14)
  16 slime creatures
  4 blink frogs (Lair:5)
  A slime creature (shapeshifter) (Depths:2)
  7 shadows
  A centaur simulacrum (D:15)
  10 spriggans
  4 wyverns
  3 vampires
  A redback (shapeshifter) (Depths:3)
  The ghost of SomeFlowers the Bolt Thrower, an amateur VSHu of Sif Muna (D:5)
  A water elemental (Depths:3)
  4 wraiths
  A basilisk (shapeshifter) (D:12)
  57 yaks
  A golden eye (shapeshifter) (Depths:3)
  Grum (D:10)
  2 vampire mosquitoes (D:15)
  A spriggan simulacrum (Depths:1)
  4 basilisks
  A steam dragon (D:12)
  8 wargs
  59 nagas
  2 soldier ants
  2 swamp worms (Lair:4)
  A naga (shapeshifter) (D:15)
  2 acid dragons
  17 water moccasins
  A floating eye (Depths:2)
  5 ice beasts
  34 orc warriors
  3 sky beasts
  17 ogres
  2 black bears
  3 boggarts (Depths:1)
  An ogre (shapeshifter) (Depths:2)
  4 phantoms
  11 wolves
  2 lemures (D:8)
  16 centaurs
  A big kobold (D:13)
  21 bullfrogs
  A gnoll sergeant (Orc:1)
  A wyvern zombie (D:14)
  5 scorpions
  19 killer bees
  A water moccasin skeleton (D:10)
  10 wights
  4 electric eels
  9 howler monkeys
  2 bullfrog zombies
  3 centaur zombies
  2 quasits (Depths:2)
  2 hounds
  An iron imp (Depths:2)
  2 jellies
  Crazy Yiuf (D:3)
  4 human zombies (D:9)
  13 orc priests
  A gnoll shaman (D:7)
  8 centaur skeletons
  7 iguanas
  24 orc wizards
  A human skeleton (D:9)
  A polar bear simulacrum (Lair:5)
  10 worker ants
  5 yak simulacra (Lair:5)
  3 wolf simulacra (Lair:5)
  2 hound zombies
  6 mummies
  2 worker ant zombies
  A howler monkey skeleton (D:8)
  13 gnolls
  13 adders
  4 shadow imps
  6 white imps
  3 ufetubi
  An ooze (shapeshifter) (D:9)
  3 oozes (D:1)
  5 worms
  A dart slug (D:1)
  6 leopard geckos
  88 orcs
  2 ball pythons
  11 bats
  10 giant cockroaches
  8 hobgoblins
  12 jackals
  8 quokkas
  4 frilled lizards
  9 goblins
  A jackal skeleton (D:5)
  A jackal zombie (D:5)
  10 kobolds
  A leopard gecko skeleton (D:6)
  A quokka skeleton (D:4)
  11 rats
  2 river rat simulacra (Lair:5)
  A fire vortex (Depths:3)
1272 creatures vanquished.

Vanquished Creatures (others)
  A yaktaur captain (Depths:4)
  A great orb of eyes (Depths:4)
  An ice dragon (Depths:4)
  An unseen horror (shapeshifter) (Depths:5)
  2 boggarts (Depths:1)
  A worm (shapeshifter) (Depths:4)
  3 orcs (D:13)
  84 fungi
  143 plants
237 creatures vanquished.

Grand Total: 1509 creatures vanquished

Notes
Turn   | Place    | Note
-------+----------+-------------------------------------------
     0 | D:1      | miscthings the Kobold Berserker began the quest for the
                  | Orb.
     0 | D:1      | Reached XP level 1. HP: 14/14 MP: 1/1
   276 | D:1      | Reached XP level 2. HP: 11/19 MP: 2/2
   478 | D:1      | Reached skill level 5 in Short Blades
   487 | D:1      | Reached XP level 3. HP: 11/23 MP: 3/3
   625 | D:1      | Reached ** piety under Trog
  1450 | D:2      | Reached XP level 4. HP: 28/28 MP: 4/4
  1559 | D:2      | Found a faded altar of an unknown god.
  1598 | D:2      | Found a bloodstained altar of Trog.
  1990 | D:2      | Found a hazy altar of Hepliaklqana.
  2290 | D:3      | Reached XP level 5. HP: 27/32 MP: 5/5
  2544 | D:3      | Found a runed translucent door.
  2547 | D:3      | Noticed Crazy Yiuf
  2556 | D:3      | Killed Crazy Yiuf
  2797 | D:3      | You fall into a shaft and drop 1 floor!
  2885 | D:4      | Found an iron altar of Okawaru.
  3198 | D:4      | Reached *** piety under Trog
  3404 | D:4      | Reached XP level 6. HP: 37/37 MP: 6/6
  4117 | D:3      | Found a bloodstained altar of Trog.
  4230 | D:5      | Entered Level 5 of the Dungeon
  4247 | D:5      | Found a stormy altar of Qazlal.
  4292 | D:5      | Found a staircase to the Ecumenical Temple.
  4309 | Temple   | Entered the Ecumenical Temple
  4515 | D:5      | Noticed a hornet
  4531 | D:5      | Found a transporter.
  4531 | D:5      | Found a transporter.
  4533 | D:5      | Noticed SomeFlowers's ghost (amateur VSHu)
  4561 | D:5      | Found a blossoming altar of Fedhas.
  4714 | D:5      | Noticed a phantom
  4728 | D:5      | Killed a phantom
  4728 | D:5      | Reached skill level 10 in Short Blades
  4728 | D:5      | Reached XP level 7. HP: 41/41 MP: 7/7
  5233 | D:6      | Reached skill level 1 in Throwing
  5233 | D:6      | Reached skill level 1 in Stealth
  5233 | D:6      | Reached skill level 1 in Evocations
  5299 | D:6      | Reached skill level 2 in Stealth
  5304 | D:6      | Reached **** piety under Trog
  5314 | D:6      | Reached XP level 8. HP: 48/48 MP: 8/8
  5501 | D:6      | Found a burning altar of Makhleb.
  5503 | D:6      | Reached skill level 3 in Stealth
  5567 | D:6      | Found a shadowy altar of Dithmenos.
  5886 | D:6      | Reached skill level 4 in Stealth
  6428 | D:6      | Reached skill level 5 in Fighting
  6428 | D:6      | Reached XP level 9. HP: 33/54 MP: 9/9
  6658 | D:7      | Found a snail-covered altar of Cheibriados.
  6722 | D:7      | Reached skill level 5 in Dodging
  6818 | D:7      | Reached skill level 5 in Stealth
  7316 | D:7      | Reached skill level 5 in Evocations
  7320 | D:7      | Got a heavily runed ring mail
  7331 | D:7      | Identified the +3 ring mail of the New World {Harm Int+2}
                  | (You found it on level 7 of the Dungeon)
  7543 | D:7      | Got a transparent ring mail
  7554 | D:7      | Identified the +2 ring mail "Veuwa" {rC+} (You found it on
                  | level 7 of the Dungeon)
  7710 | D:8      | Noticed Psyche
  7712 | D:8      | Killed Psyche
  7712 | D:8      | Reached skill level 6 in Stealth
  7868 | D:8      | Noticed Pikel
  7874 | D:8      | Noticed a komodo dragon
  7958 | D:8      | Reached skill level 5 in Throwing
  7958 | D:8      | Reached XP level 10. HP: 60/60 MP: 10/10
  8023 | D:8      | Reached skill level 7 in Stealth
  8187 | D:8      | Killed a komodo dragon
  8492 | D:8      | Found a staircase to the Lair.
  8522 | D:8      | Killed Pikel
  8522 | D:8      | Reached skill level 8 in Stealth
  8681 | D:8      | Reached ***** piety under Trog
  8932 | D:8      | Noticed Harold
  8958 | D:8      | Killed Harold
  8958 | D:8      | Reached skill level 9 in Stealth
  9046 | D:8      | Noticed a two-headed ogre
  9172 | D:8      | Received a gift from Trog
  9193 | D:8      | Killed a two-headed ogre
  9193 | D:8      | Reached XP level 11. HP: 60/68 MP: 11/11
  9572 | D:9      | Found an ancient bone altar of Kikubaaqudgha.
  9793 | D:9      | Reached skill level 10 in Stealth
  9795 | D:9      | Found a transporter.
  9854 | D:9      | Noticed a cyclops
  9858 | D:9      | Found a transporter.
  9935 | D:9      | Noticed a two-headed ogre
  9939 | D:9      | Killed a two-headed ogre
 10036 | D:9      | Found a hide-covered altar of Uskayaw.
 10041 | D:9      | Found a shadowy altar of Dithmenos.
 10163 | D:9      | Found a staircase to the Orcish Mines.
 10288 | D:9      | Found a basalt altar of Yredelemnul.
 10405 | D:9      | Noticed a mana viper
 10405 | D:9      | a snapping turtle changed into a mana viper
 10649 | D:10     | Entered Level 10 of the Dungeon
 11068 | D:10     | Reached skill level 11 in Stealth
 11440 | D:10     | Found a burning altar of Makhleb.
 11521 | D:10     | Noticed Joseph
 11524 | D:10     | Killed Joseph
 11524 | D:10     | Reached skill level 10 in Dodging
 11524 | D:10     | Reached XP level 12. HP: 76/76 MP: 12/12
 11527 | D:10     | Noticed Grum
 11531 | D:10     | Killed Grum
 11935 | D:5      | Received a gift from Trog
 11960 | D:5      | Killed SomeFlowers's ghost
 12173 | Orc:1    | Entered Level 1 of the Orcish Mines
 12196 | Orc:1    | Reached skill level 10 in Evocations
 12216 | Orc:1    | Paralysed by an orc sorcerer for 5 turns
 12630 | Orc:2    | Entered Level 2 of the Orcish Mines
 12723 | Orc:2    | Reached skill level 10 in Fighting
 12747 | Orc:2    | Noticed an orc high priest
 12757 | Orc:2    | Killed an orc high priest
 12757 | Orc:2    | Reached skill level 12 in Stealth
 12846 | Orc:2    | Found a staircase to the Elven Halls.
 13379 | Orc:2    | Noticed an orc high priest
 13403 | Orc:2    | Killed an orc high priest
 13764 | Orc:2    | Found Riv Nem's General Store.
 13769 | Orc:2    | Bought a scroll of identify for 34 gold pieces
 13769 | Orc:2    | Bought a scroll of identify for 34 gold pieces
 13769 | Orc:2    | Bought a scroll of silence for 127 gold pieces
 13769 | Orc:2    | Bought a potion of stabbing for 68 gold pieces
 13782 | Orc:2    | Found Golofaiz's Weapon Shop.
 13796 | Orc:2    | Found a roughly hewn altar of Beogh.
 14085 | Orc:2    | Found Weocead's General Store.
 14375 | Orc:2    | Reached XP level 13. HP: 69/84 MP: 13/13
 14602 | Orc:2    | Reached skill level 13 in Stealth
 14711 | Orc:2    | Received a gift from Trog
 14999 | Orc:2    | Bought a scroll of enchant weapon for 105 gold pieces
 14999 | Orc:2    | Bought the +3 troll leather armour "Bemo" {rElec Regen+
                  | rCorr Stlth+} for 733 gold pieces
 15226 | Orc:2    | Found Saossit's Book Emporium.
 16082 | D:9      | Reached skill level 1 in Shields
 16603 | D:11     | Found a white marble altar of Elyvilon.
 17380 | D:12     | Noticed Maurice
 17484 | D:12     | Noticed Snorg
 17501 | D:12     | Killed Snorg
 17796 | D:12     | Noticed a seven-headed hydra
 17800 | D:12     | Killed a seven-headed hydra
 17800 | D:12     | Reached ****** piety under Trog
 17800 | D:12     | Reached skill level 14 in Stealth
 17821 | D:12     | Noticed Erolcha
 17822 | D:12     | Killed Erolcha
 17842 | D:12     | Reached XP level 14. HP: 91/91 MP: 4/14
 18051 | D:12     | Killed Maurice
 18387 | Lair:1   | Entered Level 1 of the Lair of Beasts
 18976 | Lair:1   | Got a faintly glowing chain mail
 18979 | Lair:1   | Identified the +5 chain mail of the Butterfly {Stlth+} (You
                  | found it on level 1 of the Lair of Beasts)
 19120 | Lair:1   | Reached skill level 5 in Shields
 19556 | Lair:2   | Received a gift from Trog
 20309 | Lair:2   | Found a staircase to the Snake Pit.
 20655 | Lair:3   | Reached skill level 15 in Stealth
 20753 | Lair:3   | Noticed Gastronok
 20784 | Lair:3   | Killed Gastronok
 21639 | Lair:3   | Noticed Nergalle
 21643 | Lair:3   | Killed Nergalle
 22185 | Lair:4   | Reached XP level 15. HP: 97/97 MP: 5/15
 22269 | Lair:4   | Got a warped ring mail
 22281 | Lair:4   | Identified the cursed +0 ring mail of the Other World
                  | {Rampage rF- rC- Stlth+} (You found it on level 4 of the
                  | Lair of Beasts)
 22572 | Lair:4   | Found a staircase to the Swamp.
 23985 | Lair:5   | Reached skill level 16 in Stealth
 24305 | Lair:6   | Entered Level 6 of the Lair of Beasts
 24455 | Lair:6   | Found a staircase to the Slime Pits.
 25994 | Lair:6   | Identified the Compendium of Lethal Clay
 26038 | Lair:6   | Got a glittering ivory ring
 26045 | Lair:6   | Identified the ring of Sif Muna's Hope {*Tele rF++ MR-
                  | Str+4 Dex+4} (You found it on level 6 of the Lair of
                  | Beasts)
 26347 | D:12     | Reached XP level 16. HP: 76/105 MP: 5/16
 26551 | D:13     | Received a gift from Trog
 26764 | D:13     | Reached skill level 17 in Stealth
 26806 | D:13     | Noticed Nessos
 26839 | D:13     | Killed Nessos
 27045 | D:13     | Reached skill level 15 in Dodging
 27248 | D:13     | Found Biappiu's Antique Armour Emporium.
 27332 | D:13     | Bought a fine buckler for 209 gold pieces
 27342 | D:13     | Identified the +6 buckler "Faeck" {Dex+3} (You bought it in
                  | a shop on level 13 of the Dungeon)
 27414 | D:13     | Found a gate to the Vaults.
 27740 | D:14     | Reached skill level 15 in Evocations
 27943 | D:14     | Found a burning altar of Makhleb.
 28133 | D:14     | Got a shimmering morningstar
 28134 | D:14     | Identified the +5 morningstar "Omyqe Inyu" {protect, rF+
                  | Dex+2} (You found it on level 14 of the Dungeon)
 28149 | D:14     | Got a masterwork falchion
 28150 | D:14     | Identified the +9 falchion of Mysiusiz {holy, rN+ Int+4}
                  | (You found it on level 14 of the Dungeon)
 28502 | D:15     | Entered Level 15 of the Dungeon
 28580 | D:15     | Found a blossoming altar of Fedhas.
 28621 | D:15     | Received a gift from Trog
 28839 | D:15     | Reached skill level 18 in Stealth
 29027 | D:15     | Reached XP level 17. HP: 112/112 MP: 5/17
 29109 | D:15     | Reached skill level 15 in Fighting
 29168 | D:15     | Found a staircase to the Depths.
 29609 | Snake:1  | Entered Level 1 of the Snake Pit
 30216 | Snake:1  | You fall into a shaft and drop 1 floor!
 30686 | Snake:1  | Identified a scroll of acquirement
 30689 | Snake:1  | Acquired 451 gold pieces
 30929 | Snake:2  | Reached skill level 19 in Stealth
 31803 | Snake:3  | Received a gift from Trog
 32209 | Snake:3  | Found a hide-covered altar of Uskayaw.
 32446 | Snake:3  | Found Judorgh's Armour Emporium.
 32510 | Snake:3  | Reached XP level 18. HP: 120/120 MP: 18/18
 32524 | Snake:3  | Found Zifiofak's Distillery.
 32544 | Snake:3  | Bought a potion of heal wounds for 90 gold pieces
 32828 | Snake:4  | Entered Level 4 of the Snake Pit
 32895 | Snake:4  | Found a bloodstained altar of Trog.
 33249 | Snake:4  | Reached skill level 20 in Stealth
 33479 | Snake:4  | Received a gift from Trog
 34340 | Snake:4  | Got a serpentine rune of Zot
 34394 | Snake:4  | Reached skill level 21 in Stealth
 34563 | Snake:4  | Reached XP level 19. HP: 128/128 MP: 19/19
 34674 | Snake:4  | Found Penlavem's Antique Armour Emporium.
 34679 | Snake:4  | Bought a heavily runed ring mail for 270 gold pieces
 34679 | Snake:4  | Bought a pair of glowing gloves for 225 gold pieces
 34720 | Snake:4  | Identified the +0 ring mail "Suengete" {*Slow rPois rN+++
                  | MR+} (You bought it in a shop on level 4 of the Snake Pit)
 34837 | Snake:4  | Received a gift from Trog
 35311 | Depths:1 | Entered Level 1 of the Depths
 36049 | Depths:1 | Noticed a lich
 36052 | Depths:1 | Noticed a lich
 36123 | Depths:1 | Found Rer Zoqo's Blood Bar.
 36150 | Depths:1 | Received a gift from Trog
 36172 | Depths:1 | Found Xouriz's Jewellery Boutique.
 36172 | Depths:1 | Found Sewkoss's Jewellery Boutique.
 36180 | Depths:1 | Found Xihoojaeno's Gadget Emporium.
 36531 | Depths:1 | Found a gateway to Hell.
 36879 | Depths:1 | Noticed a Tzitzimitl
 36904 | Depths:1 | Killed a Tzitzimitl
 36904 | Depths:1 | Reached skill level 22 in Stealth
 36939 | Depths:1 | Found a shadowy altar of Dithmenos.
 37440 | Depths:2 | Reached XP level 20. HP: 136/136 MP: 20/20
 37886 | Depths:2 | Received a gift from Trog
 38120 | Depths:2 | Gained mutation: Scrolls take you a little longer to read.
                  | [potion of mutation]
 38120 | Depths:2 | Gained mutation: You have a pair of small horns on your
                  | head. [potion of mutation]
 38121 | Depths:2 | Lost mutation: You have a pair of small horns on your head.
                  | [potion of mutation]
 38121 | Depths:2 | Lost mutation: Scrolls take you a little longer to read.
                  | [potion of mutation]
 38121 | Depths:2 | Gained mutation: Your skin changes colour to match your
                  | surroundings (Stealth+). [potion of mutation]
 38121 | Depths:2 | Gained mutation: You have a pair of small antennae on your
                  | head. [potion of mutation]
 38206 | Depths:2 | Found a one-way gate leading to the halls of Pandemonium.
 38959 | Depths:2 | Identified the +9 war axe of Watchfulness {freeze, rElec}
 39064 | Depths:2 | Identified the cursed +2 arbalest of the Fifty Wishes
                  | {vorpal, rElec rN+ Dex+2}
 39169 | Depths:2 | Noticed a tentacled monstrosity
 39191 | Depths:2 | Killed a tentacled monstrosity
 39448 | Depths:3 | Found Milid's Distillery.
 39494 | Depths:3 | Bought a potion of resistance for 120 gold pieces
 39494 | Depths:3 | Bought a potion of mutation for 96 gold pieces
 39494 | Depths:3 | Bought 2 potions of mutation for 192 gold pieces
 39494 | Depths:3 | Bought a potion of stabbing for 48 gold pieces
 39494 | Depths:3 | Bought a potion of heal wounds for 60 gold pieces
 39494 | Depths:3 | Bought a potion of might for 48 gold pieces
 39494 | Depths:3 | Bought a potion of haste for 120 gold pieces
 39494 | Depths:3 | Bought a potion of heal wounds for 60 gold pieces
 39494 | Depths:3 | Bought a potion of heal wounds for 60 gold pieces
 39494 | Depths:3 | Bought a potion of heal wounds for 60 gold pieces
 39494 | Depths:3 | Bought a potion of magic for 96 gold pieces
 39535 | Depths:3 | Found a runed translucent gate.
 39535 | Depths:3 | Found a runed translucent gate.
 39538 | Depths:3 | Found a runed translucent gate.
 39579 | Depths:3 | Reached skill level 5 in Armour
 39681 | Depths:3 | Found a runed translucent gate.
 39682 | Depths:3 | Found a runed translucent gate.
 39684 | Depths:3 | Found a runed translucent gate.
 39685 | Depths:3 | Noticed a tentacled monstrosity
 39687 | Depths:3 | Killed a tentacled monstrosity
 39687 | Depths:3 | Reached skill level 23 in Stealth
 39707 | Depths:3 | Noticed a tentacled monstrosity
 39715 | Depths:3 | Received a gift from Trog
 39724 | Depths:3 | Killed a tentacled monstrosity
 39740 | Depths:3 | Reached XP level 21. HP: 144/144 MP: 21/21
 39827 | Depths:3 | Found the +2 robe of Vines {NoPotionHeal Regen+7}
 39844 | Depths:3 | Identified the +3 leather armour of the Ten Mice {rN+
                  | Dex+3} (You found it on level 3 of the Depths)
 40378 | Depths:3 | Found Icor's Distillery.
 40699 | Depths:3 | Found Guacouz's Magic Scroll Shoppe.
 40901 | Depths:3 | Lost mutation: You have a pair of small antennae on your
                  | head. [potion of mutation]
 40901 | Depths:3 | Lost mutation: Your skin changes colour to match your
                  | surroundings (Stealth+). [potion of mutation]
 40901 | Depths:3 | Gained mutation: You have a pair of small antennae on your
                  | head. [potion of mutation]
 40901 | Depths:3 | Gained mutation: Armour fits poorly on your strangely
                  | shaped body. [potion of mutation]
 40901 | Depths:3 | Gained mutation: You are partially covered in rugged brown
                  | scales. (AC +1, +3% HP) [potion of mutation]
 40970 | Depths:3 | Bought a scroll of acquirement for 676 gold pieces
 40970 | Depths:3 | Acquired the +0 hat of Wonder {+Inv Dex+4}
 41096 | Depths:4 | Paralysed by a vampire knight for 2 turns
 41165 | Depths:4 | Noticed a golden dragon
 41190 | Depths:4 | Killed a golden dragon
 41391 | Depths:3 | Received a gift from Trog
 41394 | Depths:3 | Identified the +7 rapier of Yllo {flame, +Fly rN+ Dex+3}
                  | (Trog gifted it to you on level 3 of the Depths)
 41693 | Depths:4 | Found a one-way gate to the infinite horrors of the Abyss.
 41935 | Depths:4 | Noticed Boris
 41938 | Depths:4 | Killed Boris
 42103 | Depths:4 | Paralysed by a great orb of eyes for 3 turns
 42289 | Depths:4 | Noticed a greater mummy
 42292 | Depths:4 | Killed a greater mummy
 42329 | Depths:4 | Reached skill level 24 in Stealth
 42412 | Depths:4 | Found a glowing golden altar of the Shining One.
 42560 | Depths:4 | Reached XP level 22. HP: 155/155 MP: 22/22
 42712 | Depths:4 | Found a gateway to a ziggurat.
 43040 | Depths:5 | Entered Level 5 of the Depths
 43105 | Depths:5 | Received a gift from Trog
 43242 | Depths:5 | Shot with a bolt by a yaktaur captain

Illustrated notes

Levels and vault maps discovered:
D:1:      ncdulo_smallfort, layout_loops_ring, hex_tiny, minmay_door_square,
          minmay_pentomino_u4
D:2:      layout_loops_ring, old_standard_altar, lemuel_coloured_pillars_altar,
          chequers_ecumenical_altar_simple_redux
D:3:      layout_basic, trog_three_pillars_becter, uniq_crazy_yiuf_cottage
D:4:      layout_cave_pods, gup_sewer_entry_bubbles, okawaru_trees_1
D:5:      layout_rooms, grunt_temple_overflow_forces_of_nature,
          minmay_temple_entry_ruins, gammafunk_ghost_hive, ldierk_geyser
D:6:      layout_gridville, lemuel_crystal_altar,
          grunt_dithmenos_smoke_and_mirrors
D:7:      layout_cave_pods, slow_altar_2, minmay_a_box_with_orc_wizards_in_it
D:8:      minmay_bubble_buster, layout_basic, due_lair_maze_entry_diamond,
          minmay_misc_feat_roman, uniq_psyche, uniq_harold, uniq_pikel
D:9:      minmay_goldmine, layout_loops_cross,
          lemuel_mausoleum_altar_yredelemnul, minitemple,
          gammafunk_temple_overflow_arena, minmay_orc_entry_guard_dogs
D:10:     layout_rooms, basic_altar, nicolae_wwwww, minmay_holes,
          feat_on_display, uniq_joseph, uniq_grum
D:11:     layout_basic, basic_altar
D:12:     layout_roguey, nicolae_looking_at_the_future, uniq_snorg,
          uniq_erolcha, uniq_maurice
D:13:     layout_loops_ring, erik_vaults_2, serial_shops,
          nicolae_shop_waterfront, minivault_25, uniq_nessos
D:14:     minmay_the_grid_octo_2x2 [minmay_the_grid_octo_horde,
          minmay_the_grid_octo_77, minmay_the_grid_octo_tetromino_candy,
          minmay_the_grid_octo_prize_single_spiral], layout_loops_ring,
          portal_ice_cave_demonic_guard, kennysheep_another_room,
          makhleb_altar_promises_db
D:15:     grunt_enter_depths_hoard, layout_rooms, fedhas_altar_3
Temple:   nicolae_temple_x_marks_the_god
Lair:1:   layout_loops_ring, serial_bayou_shore_a
Lair:2:   kb_forest_paths, layout_cave_shapes, dummy_snake_entry, serial_bayou,
          serial_bayou_crossing, serial_bayou_lagoon_a
Lair:3:   layout_layer_cave, grunt_megastairs_4, uniq_gastronok, uniq_nergalle
Lair:4:   layout_roguey, nicolae_swamp_entry_splash_gauntlet, minivault_19
Lair:5:   layout_regular_city, eino_house_with_fridge, lemuel_fruit_fields,
          infiniplex_staircase_pool_2
Lair:6:   due_jungle_book, layout_regular_city, dpeg_slime_entry_corner,
          grunt_megastairs_2
Snake:1:  layout_honeycomb
Snake:2:  layout_cave_pods
Snake:3:  layout_layer_cave, basic_altar, minmay_shoptagon
Snake:4:  grunt_snake_rune_pools, layout_cave_town, serial_shops, shop,
          lemuel_oklob_altar
Orc:1:    layout_caves
Orc:2:    st_orc_town, layout_diamond_mine
Depths:1: regret_index_dithmenos_brocken_genspenst, layout_basic,
          grunt_mini_vestibule, minmay_strange_pillars, guppyfry_shop_blood,
          minmay_shop_grove
Depths:2: minmay_nine_rooms, layout_basic, grunt_pan_entry_sceptre,
          minmay_staircase_statues, hell_entry, serial_bayou_pond_e,
          serial_bayou_shore_b
Depths:3: kennysheep_treasure_stockpile, layout_gridlike,
          rand_demon_pan_entry_3, dk_noncrumbling_3, serial_shops, shop, shop,
          nicolae_shop_crystal, hangedman_coc_ice_floe
Depths:4: evilmike_marble_ring, layout_gridlike, enter_ziggurat_f, abyss_entry,
          pan_entry, pf_vacation_house_of_asmodeus, tso_metal_star, st_stairs_6,
          minmay_librarian, uniq_boris
Depths:5: grunt_crosshair, layout_gridville, hell_entry, grunt_decor_clamped,
          uniq_margery

Skill      XL: |  1  2  3  4  5  6  7  8  9 10 11 12 13 14 15 16 17 18 19 20 21 22 |
---------------+-------------------------------------------------------------------+-----
Short Blades   | 5 6 7 8 10 | 10.1
Throwing       | 1 3 5 |  5.0
Stealth        | 2 4 6 9 11 12 14 15 16 18 19 21 22 23 24 | 24.4
Evocations     | 2 3 5 8 9 11 12 13 14 15 | 15.0
Dodging        | 3 4 6 8 10 11 12 13 14 15 17 18 19 20 21 | 21.4
Fighting       | 5 6 8 9 10 11 12 13 14 16 17 18 19 20 | 20.1
Shields        | 4 5 |  5.6
Armour         | 2 5 7 |  7.0

Action                   |  1- 3 |  4- 6 |  7- 9 | 10-12 | 13-15 | 16-18 | 19-21 | 22-24 || total
-------------------------+-------+-------+-------+-------+-------+-------+-------+-------++-------
Melee: Short sword       |   104 |   235 |   115 |       |       |       |       |       ||   454
       Dagger            |       |       |   175 |   940 |   292 |       |       |       ||  1407
       Quick blade       |       |       |       |   131 |  1699 |  2195 |  2006 |   183 ||  6214
Invok: Berserk           |     4 |    12 |    10 |    20 |    30 |    27 |    34 |     3 ||   140
       Trog's Hand       |       |       |       |       |       |       |     1 |     1 ||     2
 Abil: Evoke Invisibilit |       |       |       |       |       |       |     1 |       ||     1
Evoke: Wand              |       |       |       |     4 |    12 |       |     8 |       ||    24
       Phial of floods   |       |       |       |       |     1 |       |     1 |       ||     2
       Condenser vane    |       |       |       |       |       |       |     1 |     1 ||     2
  Use: Scroll            |       |     7 |     5 |     9 |    13 |    15 |    11 |     1 ||    61
       Potion            |       |       |       |     1 |       |       |     5 |       ||     6
 Stab: Sleeping          |     7 |    14 |    19 |    42 |    71 |    94 |    81 |     5 ||   333
       Distracted        |       |       |     1 |     6 |     2 |     6 |     9 |     1 ||    25
       Paralysed         |       |       |       |     1 |       |       |     1 |       ||     2
       Petrified         |       |       |       |       |     6 |       |       |       ||     6
       Invisible         |       |       |       |       |       |       |     5 |       ||     5
Armor: Animal skin       |    15 |    37 |    22 |       |       |       |       |       ||    74
       Ring mail         |       |       |     9 |   108 |     6 |       |       |       ||   123
       Troll leather arm |       |       |       |       |   133 |    52 |    34 |       ||   219
       Robe              |       |       |       |       |       |       |    27 |     4 ||    31
Dodge: Dodged            |    92 |   141 |   111 |   542 |   793 |   721 |   716 |    91 ||  3207
       Repelled          |       |       |       |       |     2 |    20 |     4 |       ||    26
Block: Buckler           |       |       |       |       |   226 |   526 |   475 |    58 ||  1285

Table legend: (Time is in decaauts)
 A = Elapsed time spent in this place.
 B = Non-inter-level travel time spent in this place.
 C = Inter-level travel time spent in this place.
 D = Time resting spent in this place.
 E = Time spent auto-exploring this place.
 F = Levels seen in this place.
 G = Mean time per level.
                   A        B        C        D        E       F      G
               +--------+--------+--------+--------+--------+-----+--------+
         Total |  39415 |  36904 |   2511 |   6007 |  21650 |  33 | 1194.4 |
       Dungeon |  17386 |  16013 |   1373 |   2927 |   9634 |  15 | 1159.1 |
        Temple |    104 |     97 |      7 |      0 |     97 |   1 |  104.0 |
          Lair |   7211 |   6640 |    571 |    360 |   4777 |   6 | 1201.8 |
     Snake Pit |   4549 |   4374 |    175 |    279 |   2584 |   4 | 1137.2 |
  Orcish Mines |   3397 |   3223 |    174 |   1295 |    997 |   2 | 1698.5 |
        Depths |   6767 |   6558 |    209 |   1143 |   3560 |   5 | 1353.4 |
               +--------+--------+--------+--------+--------+-----+--------+

Top non-repeatable levels by time:
   Orc:2: 2804 daAuts
     D:8: 1932 daAuts
Depths:2: 1829 daAuts
 Snake:4: 1670 daAuts
Depths:3: 1631 daAuts
Depths:4: 1622 daAuts
Depths:1: 1569 daAuts
     D:6: 1552 daAuts
     D:9: 1533 daAuts
  Lair:6: 1510 daAuts
  Lair:3: 1441 daAuts
     D:1: 1358 daAuts
    D:10: 1257 daAuts
  Lair:5: 1196 daAuts
  Lair:2: 1193 daAuts
